 Dungeon Crawl Stone Soup version 0.27.0-1-g7a089689b8 (webtiles) character file.

Game seed: 8861644260742529145

8129 Krazlmac the Blocker (level 11, -1/101 HPs)
             Began as a Minotaur Fighter on Aug 11, 2021.
             Was an Elder of Okawaru.
             Killed from afar by an electric eel (7 damage)
             ... with a bolt of electricity
             ... on level 9 of the Dungeon.
             The game lasted 00:21:23 (9487 turns).

Krazlmac the Blocker (Minotaur Fighter)             Turns: 9487, Time: 00:21:24

Health: -1/101     AC: 18    Str: 31    XL:     11   Next: 5%
Magic:  10/10      EV:  8    Int:  5    God:    Okawaru [****..]
Gold:   1214       SH: 13    Dex: 13    Spells: 10/10 levels left

rFire    . . .     SeeInvis .   s - +7 broad axe of Xom Recy {flame, Fly Str+7 Dex-3}
rCold    . . .     Faith    .   c - +0 kite shield
rNeg     + . .     Spirit   .   x - +4 chain mail {rN+}
rPois    +         Reflect  .   (helmet restricted)
rElec    .         Harm     .   (no cloak)
rCorr    .         Rampage  .   g - +0 pair of gloves
Will     .....                  k - +0 pair of boots
Stlth    ..........             (no amulet)
HPRegen  0.26/turn              n - +6 ring of dexterity
MPRegen  0.12/turn              b - ring of poison resistance

@: flying
A: horns 2, retaliatory headbutt
a: Renounce Religion, Heroism


You were on level 9 of the Dungeon.
You worshipped Okawaru.
Okawaru was greatly pleased with you.
You visited 2 branches of the dungeon, and saw 10 of its levels.
You also visited: Sewer.

You collected 1378 gold pieces.
You spent 164 gold pieces at shops.

Inventory:

Hand Weapons
 a - a +3 vorpal war axe
 s - the +7 broad axe of Xom Recy (weapon) {flame, Fly Str+7 Dex-3}
   (You acquired it on level 7 of the Dungeon)

   It burns those it strikes, dealing additional fire damage.
   Big, fiery blades are also staple armaments of hydra-hunters.
   Str:       It affects your strength (+7).
   Dex:       It affects your dexterity (-3).
   Fly:       It grants you flight.
Missiles
 w - a throwing net (quivered)
Armour
 c - a +0 kite shield (worn)
 d - the +1 scale mail "Muonetwu" {rF+ MP+9}
   (You found it on level 4 of the Dungeon)

   rF:        It protects you from fire.
   MP:        It affects your magic capacity (+9).
 g - a +0 pair of gloves (worn)
 k - a +0 pair of boots (worn)
 x - a +4 chain mail of positive energy (worn)
Jewellery
 b - a ring of poison resistance (right hand)
 h - a +4 ring of evasion
 j - a ring of resist corrosion
 n - a +6 ring of dexterity (left hand)
 q - a ring of fire
Wands
 m - a wand of flame (45)
 B - a wand of acid (9)
Scrolls
 e - 5 scrolls of teleportation
 t - a scroll of fog {unknown}
 u - 3 scrolls of enchant weapon
 y - a scroll of identify
 z - 2 scrolls of amnesia
Potions
 f - a potion of mutation {unknown}
 i - 5 potions of curing
 l - a potion of invisibility
 o - 2 potions of magic
 p - 2 potions of heal wounds
 r - a potion of brilliance {unknown}
 v - a potion of degeneration {unknown}
 A - 3 potions of ambrosia


   Skills:
 + Level 10.8 Fighting
 + Level 10.4 Axes
 + Level 10.8 Armour
 - Level 0.3 Dodging
 + Level 10.8 Shields


You had 10 spell levels left.
You didn't know any spells.
Your spell library contained the following spells:

 Spells                   Type           Power      Damage    Failure   Level
 Ignite Poison            Fire/Tmut/Pois 0%         N/A       100%        3
 Inner Flame              Hex/Fire       0%         N/A       100%        3
 Mephitic Cloud           Conj/Pois/Air  0%         N/A       100%        3
 Cause Fear               Hex            0%         N/A       100%        4
 Bolt of Magma            Conj/Fire/Erth 0%         4d4       100%        5
 Discord                  Hex            0%         N/A       100%        8


Dungeon Overview and Level Annotations

Branches:
Dungeon (9/15)             Temple (1/1) D:6            Lair (0/6) D:9
  Sewer (visited)
    Orc: D:9-12

Altars:
Cheibriados
Fedhas
Makhleb
Nemelex Xobeh
Okawaru
Sif Muna
Trog
Vehumet
Zin

Shops:
D:1 !   D:5 *


Innate Abilities, Weirdness & Mutations

You have a pair of horns on your head.
You reflexively headbutt those who attack you in melee.


Message History

The electric eel shoots out a bolt of lightning at you!
The bolt of electricity misses you.
The electric eel shoots out a bolt of lightning at you!
The bolt of electricity misses you.
The electric eel shoots out a bolt of lightning at you!
The bolt of electricity hits you. The bolt of electricity misses you.
The electric eel shoots out a bolt of lightning at you!
The bolt of electricity hits you but does no damage.
You see here a +3 ring mail of fire resistance.
The electric eel shoots out a bolt of lightning at you!
The bolt of electricity hits you! The bolt of electricity misses you.
The lava snake spits lava at you. You block the glob of lava.
The electric eel shoots out a bolt of lightning at you!
The bolt of electricity hits you.
The electric eel shoots out a bolt of lightning at you!
The bolt of electricity hits you! The bolt of electricity hits you.
The lava snake spits lava at you. The glob of lava hits you!
The electric eel shoots out a bolt of lightning at you!
The bolt of electricity hits you but does no damage.
The electric eel shoots out a bolt of lightning at you!
The bolt of electricity misses you.
The electric eel shoots out a bolt of lightning at you!
The bolt of electricity misses you.
The bolt of electricity hits you but does no damage.
You see here a +3 ring mail of fire resistance.
The electric eel shoots out a bolt of lightning at you!
The bolt of electricity hits you!
* * * LOW HITPOINT WARNING * * *
The bolt of electricity hits you.
* * * LOW HITPOINT WARNING * * *
The electric eel shoots out a bolt of lightning at you!
The bolt of electricity hits you!
* * * LOW HITPOINT WARNING * * *
The bolt of electricity hits you!
* * * LOW HITPOINT WARNING * * *
The electric eel shoots out a bolt of lightning at you!
The bolt of electricity hits you!
You die...

#.#######.........#
........+.........#
#.#######.........#
#.# #......>..# #.#
#.........# #.#
####.........#
#.####....≈≈≈.....#
#.#....≈≈≈≈#≈.##+##
#.#.≈≈≈≈#≈≈≈≈...@#
#...≈#≈≈≈≈#≈≈≈..##
#...≈≈≈#≈≈≈≈#≈..#
#'#..≈≈≈≈#≈≈≈≈..#
.....≈#≈≈≈≈#≈;≈.#
.....≈≈≈#≈S≈≈#≈.#
......≈≈≈≈#≈≈≈≈.#
....#.≈#≈≈≈≈....#
....#.≈≈≈.......#


You could see a lava snake and an electric eel.

Vanquished Creatures
  Harold (D:9)
  A boulder beetle (D:9)
  A two-headed ogre (D:7)
  Pikel (D:6)
  A centaur zombie (D:8)
  Maggie (D:6)
  A komodo dragon (D:9)
  A queen bee (D:9)
  Sigmund (D:2)
  Eustachio (D:4)
  A wyvern (D:8)
  Menkaure (D:5)
  Duvessa (D:5)
  2 water moccasins
  5 orc warriors
  Purgy (D:3)
  A sky beast (D:6)
  An ice beast (D:6)
  2 ogres
  5 centaurs
  A lemure (D:6)
  A gnoll sergeant (D:6)
  A bullfrog (D:8)
  A scorpion (D:6)
  Dowan (D:5)
  31 killer bees
  A howler monkey (D:9)
  A crimson imp (D:6)
  A bullfrog zombie (D:6)
  3 hounds
  A jelly (D:8)
  2 bullfrog skeletons (D:6)
  2 orc priests
  An iguana (D:7)
  5 orc wizards
  A hound zombie (D:5)
  A hound skeleton (D:4)
  7 adders
  4 gnolls (D:6)
  4 river rats (D:5)
  A shadow imp (D:8)
  4 dart slugs
  6 worms
  20 orcs
  4 bats
  4 endoplasms
  3 giant cockroaches
  4 hobgoblins
  2 jackals (Sewer)
  3 kobolds (Sewer)
  A quokka (D:4)
  4 ball pythons
  A frilled lizard (D:3)
  6 goblins
  12 rats
175 creatures vanquished.

Vanquished Creatures (others)
  4 plants (D:9)
4 creatures vanquished.

Grand Total: 179 creatures vanquished

Notes
Turn   | Place    | Note
-------+----------+-------------------------------------------
     0 | D:1      | Krazlmac the Minotaur Fighter began the quest for the Orb.
     0 | D:1      | Reached XP level 1. HP: 19/19 MP: 0/0
   195 | D:1      | Reached XP level 2. HP: 27/27 MP: 1/1
   229 | D:1      | Found Kejauris's Distillery.
   708 | D:1      | Found a faded altar of an unknown god.
  1238 | D:2      | Reached XP level 3. HP: 30/33 MP: 2/2
  1440 | D:2      | Noticed Sigmund
  1453 | D:2      | Killed Sigmund
  1454 | D:2      | Reached XP level 4. HP: 24/41 MP: 3/3
  1454 | D:2      | Reached XP level 5. HP: 27/47 MP: 4/4
  1832 | D:3      | Found a snail-covered altar of Cheibriados.
  2023 | D:3      | Found a sparkling altar of Nemelex Xobeh.
  2180 | D:3      | Reached skill level 5 in Armour
  2180 | D:3      | Reached skill level 5 in Shields
  2230 | D:3      | Noticed Purgy
  2237 | D:3      | Killed Purgy
  2238 | D:3      | Reached skill level 5 in Fighting
  2238 | D:3      | Reached XP level 6. HP: 55/56 MP: 5/5
  2541 | D:4      | Noticed Eustachio
  2572 | D:4      | Killed Eustachio
  2859 | D:4      | Identified the +1 scale mail "Muonetwu" {rF+ MP+9}
  3001 | D:4      | Reached skill level 5 in Axes
  3001 | D:4      | Reached XP level 7. HP: 27/62 MP: 6/6
  3529 | D:4      | Found a blossoming altar of Fedhas.
  3730 | D:5      | Entered Level 5 of the Dungeon
  3895 | D:5      | Found Vomuecwu's General Store.
  3925 | D:5      | Bought a scroll of enchant weapon for 82 gold pieces
  3925 | D:5      | Bought a scroll of enchant weapon for 82 gold pieces
  4048 | D:5      | Found a glowing drain.
  4058 | Sewer    | Entered a sewer
  4283 | D:5      | Noticed Menkaure
  4293 | D:5      | Killed Menkaure
  4421 | D:5      | Noticed Dowan
  4422 | D:5      | Noticed Duvessa
  4435 | D:5      | Killed Duvessa
  4436 | D:5      | Reached XP level 8. HP: 9/71 MP: 7/7
  4440 | D:5      | Killed Dowan
  4939 | D:6      | Noticed Pikel
  4948 | D:6      | Killed Pikel
  5433 | D:6      | Noticed Maggie
  5440 | D:6      | Reached XP level 9. HP: 64/81 MP: 8/8
  5443 | D:6      | Killed Maggie
  5681 | D:6      | Found a radiant altar of Vehumet.
  5771 | D:6      | Found a staircase to the Ecumenical Temple.
  5811 | Temple   | Entered the Ecumenical Temple
  5825 | Temple   | Became a worshipper of Warmaster Okawaru
  5855 | D:6      | Found a burning altar of Makhleb.
  6217 | D:7      | Noticed a two-headed ogre
  6226 | D:7      | Killed a two-headed ogre
  6226 | D:7      | Reached * piety under Okawaru
  6511 | D:7      | Identified a scroll of acquirement
  6511 | D:7      | Acquired the +7 broad axe of Xom Recy {flame, Fly Str+7
                  | Dex-3}
  6729 | D:7      | Acquired 906 gold pieces
  7216 | D:8      | Reached XP level 10. HP: 82/91 MP: 9/9
  7323 | D:8      | Reached ** piety under Okawaru
  8172 | D:9      | Noticed Harold
  8172 | D:9      | Noticed a boulder beetle
  8179 | D:9      | Killed Harold
  8180 | D:9      | Reached skill level 10 in Fighting
  8180 | D:9      | Reached skill level 10 in Armour
  8180 | D:9      | Reached skill level 10 in Shields
  8188 | D:9      | Killed a boulder beetle
  8188 | D:9      | Reached *** piety under Okawaru
  8593 | D:9      | Found a staircase to the Lair.
  8619 | D:9      | Reached skill level 10 in Axes
  9208 | D:9      | Reached **** piety under Okawaru
  9209 | D:9      | Reached XP level 11. HP: 88/101 MP: 10/10
  9485 | D:9      | HP: 5/101 [electric eel/bolt of electricity (11)]
  9487 | D:9      | Killed from afar by an electric eel

Illustrated notes

Levels and vault maps discovered:
D:1:      shiori_arrival_elements, layout_basic, serial_shops,
          nicolae_shop_behind_doors, chequers_ecumenical_altar_lobes
D:2:      layout_loops_ring, uniq_sigmund
D:3:      layout_basic, nemelex_diamond_rough_becter, kennysheep_slug_shrine,
          uniq_purgy
D:4:      layout_loops_ring, marbit_many_paths, hangedman_decor_push,
          minmay_misc_feat_iff, uniq_eustachio
D:5:      layout_cave_pools, serial_column_ruins, column_ruins_grid_1,
          column_ruins_columns_straight, column_ruins_corridor_straight,
          column_ruins_corridor_straight, column_ruins_open_small,
          column_ruins_grid_3, serial_shops, shop, lightli_sewer_entry_pipes,
          uniq_menkaure, uniq_duvessa
D:6:      layout_loops_ring, mainiacjoe_overflow_boulevard,
          makhleb_grotto_becter, temple_doors_e, st_stairs_6, uniq_maggie,
          uniq_pikel
D:7:      layout_loops_ring
D:8:      layout_layer_cave, kennysheep_generic_room_14
D:9:      layout_roguey, david_lair_shrubbed, enter_bailey_6, special_room
          [special_room_bee], nicolae_lava_and_water, uniq_harold
Temple:   regret_index_temple_waves

Skill      XL: |  1  2  3  4  5  6  7  8  9 10 |
---------------+-------------------------------+-----
Armour         | 4 5 6 7 9 10 | 10.8
Shields        | 4 5 6 8 9 10 | 10.8
Fighting       | 4 5 6 7 9 10 | 10.8
Axes           | 3 4 5 6 7 9 10 | 10.4
Dodging        | |  0.3

Action                   |  1- 3 |  4- 6 |  7- 9 | 10-12 || total
-------------------------+-------+-------+-------+-------++-------
Melee: War axe           |    54 |    53 |   162 |       ||   269
       Headbutt          |    11 |     7 |    39 |    28 ||    85
       Broad axe         |       |       |    15 |   141 ||   156
Invok: Heroism           |       |       |       |     2 ||     2
  Use: Scroll            |     4 |     3 |     7 |       ||    14
       Potion            |     3 |     2 |     5 |       ||    10
Armor: Scale mail        |    10 |     1 |    53 |    30 ||    94
       Chain mail        |    24 |    55 |       |    58 ||   137
Dodge: Dodged            |    22 |    46 |    76 |    57 ||   201
Block: Kite shield       |    30 |    43 |   119 |   148 ||   340
